cohdb
Replays
Latest Replays
All Replays
Popular Replays
Top Player Replays
Match Explorer
How It Works
Community
CoH3 Stats
Reddit
Sign in to upload your games and track your stats! →
Sign in with Steam
Match 41359255
Unlisted
Match 41359255
Overview
Messages
Build Orders
End
Construct Infanterie Kompanie
Selects Terror Battlegroup
Grenadier Squad
Grenadier Squad
Grenadier Squad
Construct Panzergrenadier Kompanie
251 Medium Carrier
Panzergrenadier Squad
Selects Heavy Gunnery
Mr Freemon
Prometheus
小妖
自由开火
OUTSKILLED BY CAMO MG42
The Boogyman
0
0
Comments
sign in to comment!
No comments posted yet!